 Dungeon Crawl Stone Soup version 0.24.0-41-g2ae2f7f1be (webtiles) character file.

Game seed: 15832701385564499413, levelgen mode: deterministic

3119 KamiKatze the Cleaver (level 9, 0/118 HPs)
             Began as a Centaur Fighter on Dec 12, 2019.
             Was an Initiate of Trog.
             Succumbed to Erica's bolt of poison
             ... on level 7 of the Dungeon.
             The game lasted 00:24:33 (8104 turns).

KamiKatze the Cleaver (Centaur Fighter)             Turns: 8104, Time: 00:24:33

Health: 0/118      AC: 24    Str: 27    XL:     9   Next: 60%
Magic:  9/9        EV:  1    Int:  7    God:    Trog [......]
Gold:   419        SH:  0    Dex:  9    Spells: 8/8 levels left

rFire    . . .     SeeInvis .   a - +0 war axe
rCold    + . .     Gourm    .   c - +0 shield
rNeg     + + +     Faith    .   (armour currently unavailable)
rPois    +         Spirit   .   (helmet currently unavailable)
rElec    .         Reflect  .   (cloak currently unavailable)
rCorr    .         Harm     .   (gloves currently unavailable)
MR       .....     NoTele   +   (no barding)
Stlth    +.........             (no amulet)
HPRegen  0.29/turn              s - ring of protection from cold
MPRegen  0.11/turn              C - ring of flight

@: confused, mighty, lethally poisoned (0 -> -4), tree-form, slowed, very slow
A: large
a: Renounce Religion


You were on level 7 of the Dungeon.
You worshipped Trog.
Trog was noncommittal.
You were hungry.
You were a tree.
You visited 2 branches of the dungeon, and saw 9 of its levels.

You collected 419 gold pieces.

Inventory:

Hand Weapons
 a - a +0 war axe (weapon)
 r - a +0 hand axe
Missiles
 i - 246 stones
 m - a throwing net
 x - 7 silver javelins
 y - 10 boomerangs
 I - 3 poisoned darts (quivered)
Armour
 b - a +0 scale mail (melded)
 c - a +0 shield (worn)
 g - a +0 plate armour
 B - a +0 cloak (melded)
 G - a +0 pair of gloves of archery (melded)
Jewellery
 h - an uncursed ring of fire
 j - the amulet of the Thirteen Mice {-Tele +Rage rElec Dex+2}
   (You found it on level 7 of the Dungeon)

   [amulet of rage]

   It affects your dexterity (+2).
   It insulates you from electricity.
   It lets you go berserk.
   It prevents most forms of teleportation.
 s - a ring of protection from cold (left branch)
 C - a ring of flight (right branch)
Wands
 H - a wand of acid (5)
 M - a wand of disintegration (15)
 N - a wand of flame (14)
Scrolls
 e - 5 scrolls of identify
 k - 4 scrolls of remove curse
 l - a scroll of blinking {unknown}
 o - a scroll of immolation {unknown}
 q - a scroll of magic mapping {unknown}
 v - a scroll of teleportation {unknown}
 w - 4 scrolls of enchant armour {unknown}
 z - a scroll of amnesia {unknown}
 D - a scroll of fog {unknown}
 E - 2 scrolls of silence {unknown}
 L - a scroll of random uselessness {unknown}
Potions
 d - 2 potions of might
 n - a potion of lignification
 p - a potion of flight
 t - a potion of magic
 u - 4 potions of agility
 A - 2 potions of mutation
 F - 2 potions of cancellation
 J - a potion of invisibility
 K - a potion of brilliance
Comestibles
 f - 16 rations


   Skills:
 + Level 7.4 Fighting
 * Level 9.0 Axes
 - Level 2.1 Armour
 + Level 5.6 Shields


You had 8 spell levels left.
You didn't know any spells.
Your spell library was empty.

Dungeon Overview and Level Annotations

Branches:
Dungeon (8/15)             Temple (1/1) D:7
   Lair: D:8-11

Altars:
Ashenzari
Cheibriados
Dithmenos
Elyvilon
Fedhas
Gozag
Hepliaklqana
Kikubaaqudgha
Makhleb
Nemelex Xobeh
Okawaru
Qazlal
Ru
Sif Muna
Trog
Uskayaw
Vehumet
Wu Jian
Xom
Yredelemnul
Zin
The Shining One

Shops:
D:8 (

Annotations:
D:3 3 runed translucent doors, dracomuter's ghost, amateur TeVM
D:6 back to w:0 (need sinv)
D:7 Erica


Innate Abilities, Weirdness & Mutations

((You have hooves in place of feet.))
((Armour fits poorly on your strangely shaped body.))
((You cover ground very quickly.))
((You have extremely tough skin. (AC +3)))


Message History

* * * LOW HITPOINT WARNING * * *
You feel sick.
You hear some strange, mumbled words.
Something tries to affect you, but you resist.
You hear some strange, mumbled words.
Something tries to affect you, but you resist.
You cannot move. (Use ctrl+direction or * direction to attack without moving.)
You cannot move. (Use ctrl+direction or * direction to attack without moving.)
You cannot move. (Use ctrl+direction or * direction to attack without moving.)
You cannot move. (Use ctrl+direction or * direction to attack without moving.)
You hit something but do no damage.
* * * LOW HITPOINT WARNING * * *
You feel sick. Something hits you but does no damage.
Unknown command.
You completely miss something.
* * * LOW HITPOINT WARNING * * *
You feel sick. Something hits you but does no damage.
Unknown command.
You feel very mighty all of a sudden.
You die...

.....# #########.....#
.....# #.............#
.....# #........######
.....# #........# .....#
#........# .....#
#........# .....#
#........###### .....#
#.....>.......#
...).#####.....{♣......#
#####..................#
#...#..................#
'...#..................#
#...#..................#
#...#.............######
#...#.............#
....####'#..).....#
....#....#.[......#


There were no monsters in sight!

Vanquished Creatures
  A slime creature (D:7)
  3 hippogriffs
  Sigmund (D:6)
  A spriggan (D:7)
  A water moccasin (D:8)
  An orc warrior (D:7)
  2 sky beasts (D:7)
  2 centaurs
  2 ogres (D:6)
  2 bullfrogs (D:7)
  A gnoll sergeant (D:6)
  A scorpion (D:6)
  4 killer bees
  A wight (D:7)
  3 howler monkeys (D:7)
  2 crimson imps
  A bullfrog skeleton (D:4)
  Crazy Yiuf (D:4)
  3 hounds
  A jelly (D:6)
  2 orc priests (D:7)
  2 iguanas
  8 worker ants
  5 gnolls
  A howler monkey skeleton (D:8)
  9 adders
  2 shadow imps
  An adder zombie (D:7)
  4 worms
  2 dart slugs
  2 leopard geckos
  14 orcs
  A ball python (D:5)
  6 bats
  5 giant cockroaches
  3 goblins
  6 hobgoblins
  10 jackals
  8 kobolds
  5 quokkas
  4 frilled lizards
  A jackal skeleton (D:5)
  12 rats
147 creatures vanquished.

Notes
Turn   | Place    | Note
-------+----------+-------------------------------------------
     0 | D:1      | KamiKatze the Centaur Fighter began the quest for the Orb.
     0 | D:1      | Reached XP level 1. HP: 19/19 MP: 1/1
   141 | D:1      | Reached skill level 2 in Axes
   315 | D:1      | Reached XP level 2. HP: 5/26 MP: 2/2
   825 | D:1      | Reached XP level 3. HP: 17/31 MP: 3/3
   836 | D:1      | You fall into a shaft and drop 1 floor!
  1481 | D:2      | Reached skill level 3 in Axes
  1532 | D:2      | Reached XP level 4. HP: 25/38 MP: 4/4
  2367 | D:3      | Found a white marble altar of Elyvilon.
  2368 | D:3      | Found a runed translucent door.
  2368 | D:3      | Noticed an angel
  2487 | D:3      | Reached XP level 5. HP: 42/46 MP: 5/5
  2634 | D:3      | Found a faded altar of an unknown god.
  2679 | D:3      | Found a runed translucent door.
  2679 | D:3      | Noticed dracomuter's ghost (amateur TeVM)
  2748 | D:3      | Found a runed translucent door.
  3117 | D:4      | Reached skill level 4 in Axes
  3145 | D:4      | Found a runed translucent door.
  3146 | D:4      | Noticed Crazy Yiuf
  3188 | D:4      | Killed Crazy Yiuf
  3567 | D:5      | Entered Level 5 of the Dungeon
  3605 | D:5      | Reached XP level 6. HP: 43/52 MP: 6/6
  3864 | D:5      | Found a shattered altar of Ashenzari.
  4341 | D:6      | Reached skill level 5 in Axes
  4345 | D:6      | Reached XP level 7. HP: 22/60 MP: 7/7
  4722 | D:6      | Reached skill level 5 in Fighting
  4922 | D:6      | Noticed a hippogriff
  4955 | D:6      | Killed a hippogriff
  4955 | D:6      | Reached skill level 6 in Axes
  5067 | D:7      | Noticed a hippogriff
  5111 | D:6      | Reached XP level 8. HP: 26/69 MP: 8/8
  5180 | D:6      | Killed a hippogriff
  5801 | D:7      | Reached skill level 7 in Axes
  6365 | D:6      | Noticed Sigmund
  6373 | D:6      | Killed Sigmund
  6725 | D:7      | Reached XP level 9. HP: 62/78 MP: 9/9
  6780 | D:7      | Reached skill level 5 in Shields
  6782 | D:7      | Reached skill level 8 in Axes
  7163 | D:7      | Found a staircase to the Ecumenical Temple.
  7172 | Temple   | Entered the Ecumenical Temple
  7321 | Temple   | Became a worshipper of Trog the Wrathful
  7567 | D:7      | Got a steaming ivory amulet
  7570 | D:7      | Identified the amulet of the Thirteen Mice {-Tele +Rage
                  | rElec Dex+2} (You found it on level 7 of the Dungeon)
  7706 | D:8      | Found Paechei's Weapon Boutique.
  7783 | D:8      | Noticed Erica
  7810 | D:8      | Reached skill level 9 in Axes
  8100 | D:7      | HP: 3/79 [something/bolt of poison (12)]
  8102 | D:7      | HP: 1/118 [poisoned by Erica (bolt of poison)]
  8104 | D:7      | Succumbed to Erica's bolt of poison

Levels and vault maps discovered:
D:1:      noname_arrival_rooms_in_the_neighbourhood, layout_basic,
          hangedman_decor_push, minmay_distorted
D:2:      layout_basic, serial_corexii_hall, corexii_hall_statues_i,
          corexii_hall_statues_i, minmay_misc_feat_x
D:3:      layout_rooms, ebering_ghost_sewer_f, chequers_ecumenical_altar_island,
          lemuel_angel_altar
D:4:      layout_basic, first_ration, uniq_crazy_yiuf_cottage
D:5:      layout_cave_pools, evilmike_ruin_ashenzari
D:6:      minmay_klotski, layout_basic, uniq_sigmund
D:7:      minmay_the_grid_octo_triangle [minmay_the_grid_octo_pinwheel,
          minmay_the_grid_octo_prize_single_spiral, minmay_the_grid_octo_focus],
          layout_gridville, lemuel_temple_firewalk_b, the_bakery
D:8:      layout_basic, serial_shops, nicolae_shop_waterfront, uniq_erica
Temple:   kilobyte_greek_temple

Skill      XL: |  1  2  3  4  5  6  7  8  9 |
---------------+----------------------------+-----
Axes           | 2 3 4 5 6 7 9 |  9.0
Fighting       | 4 5 6 7 |  7.4
Shields        | 3 4 5 |  5.6
Armour         | |  2.1

Action                   |  1- 3 |  4- 6 |  7- 9 || total
-------------------------+-------+-------+-------++-------
Melee: War axe           |   116 |    43 |   225 ||   384
       Kick              |    16 |    50 |    62 ||   128
       Hand axe          |       |   180 |    16 ||   196
Throw: Dart              |     5 |     8 |    26 ||    39
       Stone             |       |       |    16 ||    16
       Javelin           |       |       |     9 ||     9
       Boomerang         |       |       |     5 ||     5
  Use: Scroll            |       |     8 |     4 ||    12
       Potion            |       |       |     4 ||     4
  Eat: Chunk             |     1 |     7 |    10 ||    18
Armor: Scale mail        |    81 |   102 |   102 ||   285
       Skin              |       |       |     2 ||     2
Dodge: Dodged            |    26 |    40 |    59 ||   125
Block: Shield            |    59 |    94 |   131 ||   284
